 Dungeon Crawl Stone Soup version 0.28-a0-1389-gc726bef33b (webtiles) character file.

Game seed: 9427618073330713977

49 rogsnak the Gusty (level 3, -5/25 HPs)
             Began as a Demonspawn Air Elementalist on Jan 3, 2022.
             Slain by Robin (8 damage)
             ... on level 2 of the Dungeon.
             The game lasted 00:01:51 (1644 turns).

rogsnak the Gusty (Demonspawn Air Elementalist)     Turns: 1644, Time: 00:01:51

Health: -5/25      AC:  4    Str:  8    XL:     3   Next: 51%
Magic:  6/6        EV: 12    Int: 18    God:
Gold:   67         SH:  0    Dex: 13    Spells: 5/6 levels left

rFire   . . .      SeeInvis .   g - +1 dagger (protect)
rCold   . . .      Faith    .   (no shield)
rNeg    . . .      Spirit   .   a - +0 robe
rPois   .          Reflect  .   (no helmet)
rElec   .          Harm     .   (no cloak)
rCorr   .          Rampage  .   (no gloves)
Will    .....                   (no boots)
Stlth   ++........              (no amulet)
HPRegen 0.08/turn               (no ring)
MPRegen 0.10/turn               (no ring)

@: no status effects
A: slimy green scales 1, spiny 1
a: no special abilities


You were on level 2 of the Dungeon.
You visited 1 branch of the dungeon, and saw 2 of its levels.

You collected 67 gold pieces.

Inventory:

Hand Weapons
 b - a +0 whip
 g - a +1 dagger of protection (weapon)
Armour
 a - a +0 robe (worn)
Scrolls
 c - 3 scrolls of identify {unknown}
 d - a scroll of amnesia {unknown}
Potions
 e - a potion of curing {unknown}
 f - a potion of attraction {unknown}


   Skills:
 + Level 0.3 Fighting
 + Level 2.0 Dodging
 - Level 2.0 Stealth
 + Level 2.4 Spellcasting
 * Level 1.3 Conjurations
 + Level 3.5 Air Magic


You had 5 spell levels left.
You knew the following spells:

 Your Spells              Type           Power      Damage    Failure   Level
a - Shock                 Conj/Air       40%        1d5       6%          1

Your spell library contained the following spells:

 Spells                   Type           Power      Damage    Failure   Level
 Static Discharge         Conj/Air       10%        N/A       10%         2
 Swiftness                Air            14%        N/A       12%         3
 Airstrike                Air            7%         N/A       38%         4
 Ozocubu's Armour         Ice            2%         N/A       45%         3
 Ozocubu's Refrigeration  Ice            1%         4d5       100%        7


Dungeon Overview and Level Annotations

Branches:
Dungeon (2/15)

Altars:

Annotations:
D:2 Robin


Innate Abilities, Weirdness & Mutations

You are partially covered in slimy green scales. (AC +2)
You are partially covered in sharp spines.


Message History

You kill the goblin!
Robin hits you but does no damage.
Unknown command.
You closely miss the goblin.
The goblin is heavily wounded.
The goblin hits you with a +0 club. Robin hits you with a +5 club.
You hit the goblin.
Your weapon exudes an aura of protection.
You kill the goblin!
Robin is struck by your spines. Robin closely misses you.
Unknown command.
You closely miss Robin.
Robin is lightly wounded.
Robin is struck by your spines. Robin hits you with a +5 club.
You barely miss Robin.
Robin is moderately wounded.
Robin misses you.
You hit Robin.
Your weapon exudes an aura of protection.
Robin is moderately wounded.
Robin hits you but does no damage.
You closely miss Robin.
Robin is moderately wounded.
Robin hits you with a +5 club.
You are too injured to fight recklessly!
You are too injured to fight recklessly!
You are too injured to fight recklessly!
You are too injured to fight recklessly!
You are too injured to fight recklessly!
You are too injured to fight recklessly!
You are too injured to fight recklessly!
You are too injured to fight recklessly!
Robin is struck by your spines. Robin hits you with a +5 club.
* * * LOW HITPOINT WARNING * * *
Robin completely misses you. Robin hits you with a +5 club.
* * * LOW HITPOINT WARNING * * *
Robin closely misses you. Robin hits you with a +5 club!
You die...

....#.#.#... ##......+
#...#.#... ........#
##........ #...!..#
#.#...#... #......#
#..#..#... #......#
#..#..#... #......#
#..#..##.#
##....))#######..#..##.#
......g@)#....†#.#..##.#
......##..#.....##..##.#
..... ##..#######..#
.### ##........
#####...( .. .. #. ...
#.# ... #.#


You could see Robin.

Vanquished Creatures
  2 dart slugs (D:1)
  4 ball pythons
  2 endoplasms (D:1)
  14 goblins
  4 hobgoblins
  2 quokkas
  A bat (D:1)
  A frilled lizard (D:1)
  6 kobolds
  3 rats
39 creatures vanquished.

Vanquished Creatures (others)
  4 toadstools (D:1)
4 creatures vanquished.

Grand Total: 43 creatures vanquished

Notes
Turn   | Place    | Note
-------+----------+-------------------------------------------
     0 | D:1      | rogsnak the Demonspawn Air Elementalist began the quest for
                  | the Orb.
     0 | D:1      | Reached XP level 1. HP: 13/13 MP: 3/3
   431 | D:1      | Reached skill level 3 in Air Magic
   431 | D:1      | Gained mutation: You are partially covered in sharp spines.
                  | [demonic ancestry]
   431 | D:1      | Reached XP level 2. HP: 19/19 MP: 0/5
  1501 | D:2      | Gained mutation: You are partially covered in slimy green
                  | scales. (AC +2) [demonic ancestry]
  1501 | D:2      | Reached XP level 3. HP: 24/24 MP: 6/6
  1531 | D:2      | Found a faded altar of an unknown god.
  1621 | D:2      | Noticed Robin
  1644 | D:2      | Slain by Robin

Illustrated notes

Levels and vault maps discovered:
D:1:      ldierk_water_garden, layout_loops_ring, bh_walls_and_bars
D:2:      layout_basic, hellmonk_ecumenical_altar_pennies_from_heaven,
          minmay_3d_cube, uniq_robin

Skill      XL: |  1  2  3 |
---------------+----------+-----
Stealth        | 2 |  2.0
Air Magic      | 3 |  3.5
Dodging        | 2 |  2.0
Fighting       | |  0.3
Spellcasting   | |  2.4
Conjurations   | |  1.3

Action                   || total
-------------------------++-------
Melee: Unarmed           ||     7
       Whip              ||    33
       Dagger            ||    20
 Cast: Shock             ||    17
 Stab: Sleeping          ||     2
Armor: Robe              ||    15
Dodge: Dodged            ||    42

Table legend: (Time is in decaauts)
 A = Elapsed time spent in this place.
 B = Non-inter-level travel time spent in this place.
 C = Inter-level travel time spent in this place.
 D = Time resting spent in this place.
 E = Time spent auto-exploring this place.
 F = Levels seen in this place.
 G = Mean time per level.
                   A        B        C        D        E       F      G
               +--------+--------+--------+--------+--------+-----+--------+
         Total |   1652 |   1635 |     17 |    138 |   1244 |   2 |  826.0 |
       Dungeon |   1652 |   1635 |     17 |    138 |   1244 |   2 |  826.0 |
               +--------+--------+--------+--------+--------+-----+--------+

Top non-repeatable levels by time:
     D:1: 1377 daAuts
     D:2: 274 daAuts
